 Dungeon Crawl Stone Soup version 0.20-a0-214-gb74cb0e (webtiles) character file.

86 Gorggeron the Skirmisher (level 4, -2/41 HPs)
             Began as a Hill Orc Fighter on Nov 27, 2016.
             Slain by Grinder (4 damage)
             ... on level 3 of the Dungeon.
             The game lasted 00:11:55 (2076 turns).

Gorggeron the Skirmisher (Hill Orc Fighter)         Turns: 2076, Time: 00:11:56

Health: -2/41      AC:  7    Str: 22 (24) XL:     4   Next: 50%
Magic:  4/4        EV:  7    Int:  7 (8)  God:
Gold:   94         SH:  9    Dex:  7 (10) Spells: 3/3 levels left

rFire  . . .     SeeInvis .     a - +0 war axe
rCold  . . .     Gourm    .     b - +0 scale mail
rNeg   . . .     Faith    .     c - +0 shield
rPois  .         Spirit   .     (no helmet)
rElec  .         Reflect  .     (no cloak)
rCorr  .         Harm     .     (no gloves)
MR     .....                    (no boots)
Stlth  ..........               (no amulet)
                                (no ring)
                                (no ring)

@: mighty
A: no striking features
a: no special abilities


You were on level 3 of the Dungeon.
You were not hungry.

You visited 1 branch of the dungeon, and saw 3 of its levels.

You collected 94 gold pieces.

Inventory:

Hand Weapons
 a - a +0 war axe (weapon)
 y - a cursed -2 hunting sling
 z - a +0 war axe
Missiles
 i - 24 poisoned needles
 j - 22 sling bullets
 n - 23 arrows
 q - 100 stones (quivered)
Armour
 b - a +0 scale mail (worn)
 c - a +0 shield (worn)
Scrolls
 h - a scroll of immolation
 m - a scroll of noise {unknown}
 o - a scroll of remove curse
 u - 6 scrolls of identify
 v - a scroll of amnesia
 x - 3 scrolls of teleportation {unknown}
 A - a scroll of fear {unknown}
Potions
 e - a potion of flight
 k - a potion of curing
 s - a potion of invisibility
 t - a potion of brilliance
Comestibles
 f - 4 bread rations
 g - 7 fruits
 p - a chunk of flesh
 r - 2 meat rations
 w - a slice of pizza
 B - a royal jelly


   Skills:
 * Level 4.4 Fighting
 + Level 3.7 Axes
 * Level 4.4 Armour
 + Level 3.5 Shields


You had 3 spell levels left.
You didn't know any spells.

Dungeon Overview and Level Annotations

Branches:
Dungeon (3/15)

Altars:
Kikubaaqudgha
The Shining One

Annotations:
D:3 Grinder


Message History

* * * LOW HITPOINT WARNING * * *
You barely miss Grinder.
Grinder is moderately wounded.
You slash the jackal!
You kill the jackal!
You block Grinder's attack. x2
You hit Grinder but do no damage.
Grinder is moderately wounded.
Grinder gestures at you.
You barely resist. You closely miss Grinder.
Grinder is moderately wounded.
Grinder gestures at you. Pain shoots through your body!
* * * LOW HITPOINT WARNING * * *
You block Grinder's attack.
Your shield and scale mail prevent you from hitting Grinder.
Grinder is moderately wounded.
Grinder hits you.
You die...

#### ..# #.#
#.#######
#.†@5...#
#.#####.#
...#####†# #.#
#..h5...# #.#
##..#########.##
######## #.# #
#......# #≈≈≈≈≈≈≈
##....
#.####.####.......
..##.###+## #.#
#............
#.##.##...## #.#
######.......


You could see Grinder.

Vanquished Creatures
  4 adders
  A dart slug (D:1)
  A leopard gecko (D:1)
  An orc (D:3)
  A ball python (D:2)
  4 bats
  A bat zombie (D:3)
  2 giant cockroaches
  6 goblins
  4 hobgoblins
  2 jackals (D:3)
  A quokka (D:2)
  2 frilled lizards
  7 kobolds
  8 rats
  3 rat zombies (D:3)
48 creatures vanquished.

Vanquished Creatures (others)
  An adder (D:2)
1 creature vanquished.

Grand Total: 49 creatures vanquished

Notes
Turn   | Place    | Note
-------+----------+-------------------------------------------
     0 | D:1      | Gorggeron the Hill Orc Fighter began the quest for the Orb.
     0 | D:1      | Reached XP level 1. HP: 19/19 MP: 1/1
   360 | D:1      | Reached XP level 2. HP: 27/27 MP: 2/2
   958 | D:2      | Reached XP level 3. HP: 30/33 MP: 3/3
   995 | D:2      | Found a glowing golden altar of the Shining One.
  1384 | D:2      | Reached XP level 4. HP: 27/41 MP: 4/4
  1997 | D:3      | Found an ancient bone altar of Kikubaaqudgha.
  2028 | D:3      | Noticed Grinder
  2042 | D:3      | Paralysed by Grinder for 2 turns
  2052 | D:3      | Paralysed by Grinder for 7 turns
  2063 | D:3      | Paralysed by Grinder for 4 turns
  2075 | D:3      | HP: 2/41 [Grinder/nerve-wracking pain (8)]
  2076 | D:3      | Slain by Grinder

Vault maps used:
D:1:      dpeg_arrival_three_bigger_balls, minmay_misc_feat_tiny
D:2:      nicolae_overflow_crystal_walls, lemuel_another_geyser
D:3:      nicolae_overflow_hidden_temple, zin_angel,
          lemuel_zombie_altar_kikubaaqudgha, okawaru_ov_weapons_minmay,
          uniq_robin, uniq_crazy_yiuf_cottage, uniq_grinder

Skill      XL: |  1  2 |
---------------+-------+-----
Fighting       | 4 |  4.4
Armour         | 4 |  4.4
Axes           | 3 |  3.7
Shields        | |  3.5

Action                   |  1- 3 |  4- 6 || total
-------------------------+-------+-------++-------
Melee: War axe           |    98 |    58 ||   156
  Use: Scroll            |     8 |     1 ||     9
       Potion            |     1 |     7 ||     8
  Eat: Chunk             |     1 |     2 ||     3
       Fruit             |       |     1 ||     1
Armor: Scale mail        |    41 |    30 ||    71
Dodge: Dodged            |    32 |    13 ||    45
Block: Shield            |    42 |    31 ||    73
